 Dungeon Crawl Stone Soup version 0.25-a0-876-gadf69d5 (webtiles) character file.

Game seed: 1762874182653891846, levelgen mode: deterministic

335 BeowulfAlex the Changer (level 6, -4/42 HPs)
             Began as an Octopode Transmuter on May 2, 2020.
             Was an Initiate of the Shining One.
             Slain by Menkaure (12 damage)
             ... on level 4 of the Dungeon.
             The game lasted 00:06:35 (2883 turns).

BeowulfAlex the Changer (Octopode Transmuter)       Turns: 2883, Time: 00:06:35

Health: -4/42      AC:  2    Str: 10    XL:     6   Next: 53%
Magic:  13/18      EV: 20    Int: 17    God:    the Shining One [......]
Gold:   126        SH:  0    Dex: 21    Spells: 5/9 levels left

rFire    . . .     SeeInvis .     - Unarmed
rCold    + . .     Gourm    .   (shield currently unavailable)
rNeg     . . .     Faith    .   (helmet currently unavailable)
rPois    x         Spirit   .   (no amulet)
rElec    .         Reflect  .   d - ring of protection from cold
rCorr    .         Harm     .   f - ring of magical power
MR       .....                  b - +4 ring of dexterity
Stlth    +.........             (no ring)
HPRegen  0.14/turn              (no ring)
MPRegen  0.16/turn              (no ring)
                                (no ring)
                                (no ring)

@: spider-form, very slightly contaminated, glowing
A: tiny, almost no armour, stealthy swim, (amphibious), 8 rings, (constrict 8)
a: End Transformation, Renounce Religion


You were on level 4 of the Dungeon.
You worshipped the Shining One.
The Shining One was noncommittal.
You were very hungry.
You were a venomous arachnid creature.
You visited 2 branches of the dungeon, and saw 5 of its levels.

You collected 126 gold pieces.

Inventory:

Hand Weapons
 p - a +0 vorpal hand crossbow
Missiles
 a - 12 arrows
 g - 149 stones (quivered)
 m - 17 bolts
Jewellery
 b - a +4 ring of dexterity (on tentacle)
 d - a ring of protection from cold (left front leg)
 f - a ring of magical power (right front leg)
Scrolls
 e - 3 scrolls of fog {unknown}
 h - 2 scrolls of random uselessness {unknown}
 i - 2 scrolls of identify {unknown}
 k - 3 scrolls of teleportation {unknown}
 l - 3 scrolls of remove curse {unknown}
 o - a scroll of immolation {unknown}
 q - a scroll of enchant armour {unknown}
Potions
 j - a potion of heal wounds {unknown}
 n - a potion of degeneration {unknown}
Comestibles
 c - 4 rations


   Skills:
 - Level 3.0 Fighting
 - Level 2.0 Dodging
 - Level 3.0 Unarmed Combat
 - Level 2.0 Spellcasting
 * Level 6.0 Transmutations


You had 5 spell levels left.
You knew the following spells:

 Your Spells              Type           Power        Failure   Level  Hunger
a - Beastly Appendage     Tmut           ###...       7%          1    #......
b - Spider Form           Tmut/Pois      ##........   36%         3    ###....

Your spell library contained the following spells:

 Spells                   Type           Power        Failure   Level  Hunger
 Sticks to Snakes         Tmut           ###.....     10%         2    ###....
 Blade Hands              Tmut           ###.......   63%         5    ######.
 Ice Form                 Ice/Tmut       ##......     71%         4    #####..


Dungeon Overview and Level Annotations

Branches:
Dungeon (4/15)             Temple (1/1) D:4

Altars:
Ashenzari
Cheibriados
Dithmenos
Elyvilon
Fedhas
Gozag
Hepliaklqana
Kikubaaqudgha
Makhleb
Okawaru
Qazlal
Ru
Trog
Vehumet
Wu Jian
Xom
Yredelemnul
Zin
The Shining One

Annotations:
D:4 Menkaure


Innate Abilities, Weirdness & Mutations

You cannot wear most types of armour.
You are very stealthy in the water. (Stealth+)
((You are amphibious.))
You can wear up to eight rings at the same time.
((You can use your tentacles to constrict eight enemies at once.))
((Your skin changes colour to match your surroundings (Stealth+).))
((Your rubbery body absorbs attacks. (AC +1, EV +1)))


Message History

You hit Menkaure but do no damage.
Menkaure is lightly damaged.
Menkaure calls on the powers of darkness!
Your body is wracked with pain!
You hit Menkaure but do no damage.
Menkaure is lightly damaged.
Menkaure hits you!
* * * LOW HITPOINT WARNING * * *
You hit Menkaure but do no damage.
Menkaure is lightly damaged.
Menkaure hits you but does no damage.
You hit Menkaure.
Menkaure is moderately damaged.
You hit Menkaure.
Menkaure is heavily damaged.
Menkaure completely misses you.
You hit Menkaure but do no damage.
Menkaure is heavily damaged.
Menkaure hits you!
You die...

## .# .... .#### #....
....## #..... ....># #......
##.#.## ....... #....#
....... #....###
######M......
#......####....s.......
##.....≈≈.≈.....$......
#.....≈≈.......#......
#....≈≈_≈≈..................
#.....≈≈≈.......#####.......
#....≈........#.# ......
##............#.#####..#.###
#..........................
#...............)........#


You could see Menkaure.

Vanquished Creatures
  Sigmund (D:2)
  An ogre (D:2)
  A worker ant (D:4)
  An adder (D:3)
  2 worms (D:2)
  A leopard gecko (D:1)
  A ball python (D:2)
  2 giant cockroaches (D:1)
  10 hobgoblins
  9 kobolds
  2 quokkas
  6 bats
  6 frilled lizards
  5 goblins
  9 rats
57 creatures vanquished.

Notes
Turn   | Place    | Note
-------+----------+-------------------------------------------
     0 | D:1      | BeowulfAlex the Octopode Transmuter began the quest for the
                  | Orb.
     0 | D:1      | Reached XP level 1. HP: 13/13 MP: 3/3
   112 | D:1      | Reached XP level 2. HP: 17/18 MP: 5/5
   394 | D:1      | Reached skill level 3 in Transmutations
   542 | D:1      | Reached XP level 3. HP: 23/23 MP: 6/6
   550 | D:1      | Learned a level 3 spell: Spider Form
   970 | D:2      | Noticed Sigmund
  1206 | D:2      | Killed Sigmund
  1206 | D:2      | Reached skill level 4 in Transmutations
  1206 | D:2      | Reached XP level 4. HP: 27/31 MP: 7/7
  1206 | D:2      | Reached XP level 5. HP: 31/36 MP: 8/8
  1650 | D:2      | Found an iron altar of Okawaru.
  1685 | D:2      | Noticed an ogre
  1696 | D:2      | Killed an ogre
  1696 | D:2      | Reached skill level 5 in Transmutations
  1696 | D:2      | Reached XP level 6. HP: 42/42 MP: 9/9
  2345 | D:3      | You fall into a shaft and drop 1 floor!
  2345 | D:4      | Found a staircase to the Ecumenical Temple.
  2345 | D:4      | Found a blossoming altar of Fedhas.
  2352 | Temple   | Entered the Ecumenical Temple
  2655 | Temple   | Became a worshipper of the Shining One
  2711 | D:4      | Reached skill level 6 in Transmutations
  2870 | D:4      | Noticed Menkaure
  2883 | D:4      | Slain by Menkaure

Levels and vault maps discovered:
D:1:      wander_arrival_chamber, layout_basic
D:2:      layout_basic, first_ration, okawaru_ov_weapons_minmay, uniq_sigmund
D:3:      layout_basic, chequers_arboretum, st_stairs_3
D:4:      layout_rooms, fedhas_altar_2, minmay_temple_entry_drinking_statues,
          led_xom_imps, uniq_menkaure
Temple:   dpeg_five_rooms_temple

Skill      XL: |  1  2  3  4  5  6 |
---------------+-------------------+-----
Transmutations | 3 4 5 6 |  6.0
Fighting       | 3 |  3.0
Dodging        | |  2.0
Unarmed Combat | |  3.0
Spellcasting   | |  2.0

Action                   |  1- 3 |  4- 6 || total
-------------------------+-------+-------++-------
Melee: Unarmed           |    69 |    63 ||   132
       Constrict         |    21 |    12 ||    33
       Tentacles         |     9 |     3 ||    12
       Kick              |    13 |    12 ||    25
       Punch             |     2 |     2 ||     4
 Cast: Beastly Appendage |    17 |    14 ||    31
       Spider Form       |     1 |     2 ||     3
 Stab: Sleeping          |     5 |     4 ||     9
  Eat: Chunk             |     1 |     5 ||     6
Armor: Skin              |     7 |     4 ||    11
Dodge: Dodged            |    47 |    40 ||    87

Table legend:
 A = Non-vault XP
 B = Vault XP
 C = Vault XP percentage of total XP
 D = Non-vault monster count
 E = Vault monster count
 F = Vault count percentage of total count
                 A         B        C        D         E       F
            +---------+---------+-------+---------+---------+-------
      Total |     245 |     234 |  48.9 |      54 |       3 |   5.3
            +---------+---------+-------+---------+---------+-------
        D:1 |      44 |       0 |   0.0 |      28 |       0 |   0.0
        D:2 |     151 |     220 |  59.3 |      13 |       1 |   7.1
        D:3 |      18 |      14 |  43.8 |      12 |       2 |  14.3
        D:4 |      32 |       0 |   0.0 |       1 |       0 |   0.0
            +---------+---------+-------+---------+---------+-------
